[Event "International chess holiday K21"]
[Site "Praha"]
[Date "2014.07.28"]
[Round "3"]
[White "Vesely, Jaromir"]
[Black "Wolf, Ulrich"]
[Result "1/2-1/2"]
[ECO "E20"]
[WhiteElo "1949"]
[BlackElo "2071"]
[Annotator "Koller,Martin"]
[PlyCount "33"]
[TimeControl "240+2"]

1. d4 Nf6 2. c4 e6 3. Nc3 Bb4 4. Bd2 c5 5. a3 Bxc3 6. Bxc3 cxd4 7. Qxd4
O-O 8. e3 b6 9. Bd3 Bb7 10. Qh4 Ne4 11. Qxd8 Rxd8 12. Bd4 Nc5 13. Bf1 d5 14.
cxd5 Nb3 15. Rd1 Nxd4 16. Rxd4 Rxd5 17. Nf3 1/2-1/2

[Event "International chess holiday K21"]
[Site "Praha"]
[Date "2014.07.29"]
[Round "4"]
[White "Andersson, Stefan"]
[Black "Skopec, Lubos"]
[Result "1/2-1/2"]
[ECO "D30"]
[WhiteElo "1902"]
[BlackElo "1959"]
[Annotator "Koller,Martin"]
[PlyCount "53"]
[TimeControl "240+2"]

1. d4 Nf6 2. c4 e6 3. Nf3 d5 4. e3 Be7 5. Be2 O-O 6. O-O Nbd7 7. b3 b6
8. Bb2 Bb7 9. Nbd2 c5 10. Rc1 Rc8 11. h3 h6 12. cxd5 Nxd5 13. Nc4 N5f6 14. Nfe5
Nxe5 15. Nxe5 cxd4 16. Qxd4 Qd5 17. Bf3 Qxd4 18. Bxd4 Bxf3 19. gxf3 Ba3 20. Rc6
Nd5 21. Rd1 Rfd8 22. Rd2 f6 23. Rdc2 Rxc6 24. Nxc6 Rd7 25. Nb8 Rd8 26. Nc6 Rd7
27. Nb8 1/2-1/2

[Event "International chess holiday K21"]
[Site "Praha"]
[Date "2014.07.29"]
[Round "4"]
[White "Lammers, Frank"]
[Black "Klamp, Cristoph"]
[Result "1/2-1/2"]
[ECO "A80"]
[WhiteElo "1999"]
[BlackElo "2053"]
[Annotator "Koller,Martin"]
[PlyCount "97"]
[TimeControl "240+2"]

1. d4 f5 2. Nc3 d5 3. Bf4 a6 4. e3 Nf6 5. h3 e6 6. Bd3
c5 7. dxc5 Bxc5 8. Nf3 Nc6 9. Ne2 Qb6 10. Rb1 Nb4 11. c3 Nxd3+ 12. Qxd3 Bd7 13.
Ned4 Rc8 14. O-O Bd6 15. Rfe1 Qc7 16. Ng5 Ke7 17. Ngf3 h6 18. Bxd6+ Qxd6 19.
Nh4 Kf7 20. g3 Rhf8 21. Kg2 g6 22. f4 g5 23. fxg5 hxg5 24. Nhxf5 exf5 25. Nxf5
Bxf5 26. Qxf5 Qe6 27. Qxg5 Rg8 28. Qf4 Rc4 29. Qf3 Ke7 30. Rbd1 Qe4 31. Rf1 Ke6
32. Kh2 Qxf3 33. Rxf3 b5 34. a3 a5 35. g4 b4 36. axb4 axb4 37. Rd3 bxc3 38.
bxc3 Ne4 39. Rf5 Nxc3 40. Rd2 Rb8 41. Kg2 Ne4 42. Ra2 Rc6 43. h4 Rb3 44. Kf3
Rb1 45. Rh5 Rf1+ 46. Kg2 Rf6 47. g5 Rg6 48. Rh8 Kf5 49. Kf3 1/2-1/2

[Event "International chess holiday K21"]
[Site "Praha"]
[Date "2014.07.29"]
[Round "4"]
[White "Reichmann, Steffen"]
[Black "Vesely, Jaromir"]
[Result "0-1"]
[ECO "B40"]
[WhiteElo "1966"]
[BlackElo "1949"]
[Annotator "Koller,Martin"]
[PlyCount "46"]
[TimeControl "240+2"]

1. e4 e6 2. Nf3 c5 3. a3 a6 4. b4 d5 5. e5 Nc6 6. bxc5 Bxc5 7. d4 Bb6
8. c3 Nge7 9. Bd3 Na5 10. O-O Qc7 11. Ng5 Nf5 12. g4 h6 13. gxf5 hxg5 14. Bxg5
f6 15. Bf4 exf5 16. Qf3 g5 17. Bg3 f4 18. Bg6+ Kf8 19. Qxd5 Bh3 20. Re1 fxg3
21. fxg3 Rh6 22. exf6 Rxg6 23. Re7 Rxf6 0-1

[Event "International chess holiday K21"]
[Site "Praha"]
[Date "2014.07.29"]
[Round "4"]
[White "Wolf, Ulrich"]
[Black "Schoenmakers, Nico"]
[Result "1-0"]
[ECO "A13"]
[WhiteElo "2070"]
[BlackElo "1885"]
[Annotator "Koller,Martin"]
[PlyCount "57"]
[TimeControl "240+2"]

1. Nf3 d5 2. c4 e6 3. b3 c6 4. Bb2 Nd7 5. Qc2 Ngf6 6. d3 Be7 7. g3 O-O
8. Bg2 b5 9. Nbd2 Bb7 10. O-O a6 11. Rac1 Rc8 12. e4 dxe4 13. dxe4 b4 14. e5
Ne8 15. Ne4 f5 16. exf6 Bxf6 17. Nxf6+ Nexf6 18. Rfe1 Re8 19. Rcd1 Qc7 20. c5
Re7 21. Bh3 Rce8 22. Rd6 Nf8 23. Bxf6 gxf6 24. Qc4 Bc8 25. Qxb4 Kg7 26. Nd4 e5
27. Rxc6 Qb7 28. Qxb7 Bxb7 29. Nf5+ 1-0

[Event "International chess holiday K21"]
[Site "Praha"]
[Date "2014.07.29"]
[Round "4"]
[White "Thomasson, Staffan"]
[Black "Koubek, Vaclav"]
[Result "0-1"]
[ECO "A15"]
[WhiteElo "1882"]
[BlackElo "2033"]
[Annotator "Koller,Martin"]
[PlyCount "94"]
[TimeControl "240+2"]

1. c4 Nf6 2. Nf3 g6 3. b3 Bg7 4. Bb2 O-O 5. e3 d6 6. Be2 e5 7. d3 Nc6
8. Nbd2 b6 9. O-O Bb7 10. Rc1 Re8 11. a3 a5 12. Re1 Qd7 13. Qc2 Nh5 14. Ng5 h6
15. Nge4 f5 16. Bxh5 gxh5 17. Nc3 Kh7 18. Nd5 Rg8 19. Qd1 Qf7 20. Nf3 Bh8 21.
Re2 Ne7 22. Ne1 Nxd5 23. cxd5 Bxd5 24. b4 axb4 25. axb4 c5 26. Ra1 Qb7 27. f4
cxb4 28. Rf2 exf4 29. Rxa8 Qxa8 30. Qxh5 Rg5 31. Qe2 Bxb2 32. Qxb2 fxe3 33. Rc2
b3 34. Rc7+ Kg6 35. Rg7+ Kh5 36. Qe2+ Bf3 37. Rxg5+ hxg5 38. Nxf3 g4 39. Ne1
Qe8 40. h3 Qe5 41. hxg4+ fxg4 42. Qd1 b2 43. Qb3 Qf6 44. Qb5+ Kh4 45. Nf3+ gxf3
46. Qb4+ Kg3 47. d4 fxg2 0-1

[Event "International chess holiday M21"]
[Site "Praha"]
[Date "2014.07.29"]
[Round "5"]
[White "Bilek, Roman"]
[Black "Koubek, Vaclav"]
[Result "0-1"]
[ECO "C45"]
[WhiteElo "1958"]
[BlackElo "2057"]
[Annotator "Koller,Martin"]
[PlyCount "22"]
[TimeControl "240+2"]

1. e4 e5 2. Nf3 Nc6 3. d4 exd4 4. Nxd4 Bc5 5. Be3 Qf6 6. c3 Nge7 7. Be2
Qg6 8. Bf3 Ne5 9. O-O O-O 10. Nf5 Nxf5 11. Bxc5 Nh4 0-1

[Event "International chess holiday M21"]
[Site "Praha"]
[Date "2014.07.29"]
[Round "5"]
[White "Dalling, Peter"]
[Black "Michalek, Frantisek"]
[Result "1/2-1/2"]
[ECO "A00"]
[WhiteElo "1907"]
[BlackElo "2058"]
[Annotator "Koller,Martin"]
[PlyCount "20"]
[TimeControl "240+2"]

1. Nc3 d5 2. e4 Nf6 3. exd5 Nxd5 4. Ne4 Nf6 5. Ng3 e5 6. d3 Bc5 7. Be3
Qe7 8. Be2 Bxe3 9. fxe3 Qb4+ 10. Kf2 Qxb2 1/2-1/2

[Event "International chess holiday M21"]
[Site "Praha"]
[Date "2014.07.29"]
[Round "5"]
[White "Scherer, Frank"]
[Black "Nilsson, Patrik"]
[Result "0-1"]
[ECO "C02"]
[WhiteElo "2063"]
[BlackElo "2121"]
[Annotator "Koller,Martin"]
[PlyCount "80"]
[TimeControl "240+2"]

1. e4 e6 2. Nf3 d5 3. e5 b6 4. d4 Qd7 5. Bf4 Ne7 6. c3 Ba6 7. Bxa6 Nxa6
8. Qe2 Nb8 9. O-O c5 10. h4 h5 11. Na3 cxd4 12. Nxd4 Nbc6 13. Nxc6 Qxc6 14. Nb5
Ng6 15. Bg5 a6 16. Nd4 Qc7 17. f4 Bc5 18. f5 Qxe5 19. Qf2 Bxd4 20. cxd4 Qxf5
21. Qxf5 exf5 22. Rae1+ Kd7 23. Rxf5 f6 24. Rxd5+ Kc6 25. Rf5 Rae8 26. Rc1+ Kd7
27. Bd2 Re2 28. Bb4 Rxg2+ 29. Kf1 Nxh4 30. Rd5+ Ke6 31. Rd6+ Kf5 32. Be1 Rh2
33. Rxb6 Nf3 34. Rc5+ Kg4 35. Bf2 Re8 36. Rc3 h4 37. d5 Re4 38. d6 h3 39. Rxf3
Rh1+ 40. Bg1 h2 0-1

[Event "International chess holiday K21"]
[Site "Praha"]
[Date "2014.07.29"]
[Round "5"]
[White "Klamp, Cristoph"]
[Black "Wolf, Ulrich"]
[Result "1/2-1/2"]
[ECO "A30"]
[WhiteElo "2053"]
[BlackElo "2071"]
[Annotator "Koller,Martin"]
[PlyCount "26"]
[TimeControl "240+2"]

1. Nf3 c5 2. c4 b6 3. Nc3 Bb7 4. g3 Nf6 5. Bg2 e6 6. O-O a6 7. Re1 Be7
8. e4 d6 9. d4 cxd4 10. Nxd4 Qc7 11. Be3 Nbd7 12. Rc1 O-O 13. b3 Rac8 1/2-1/2

[Event "International chess holiday K21"]
[Site "Praha"]
[Date "2014.07.29"]
[Round "5"]
[White "Koubek, Vaclav"]
[Black "Lammers, Frank"]
[Result "0-1"]
[ECO "B15"]
[WhiteElo "2033"]
[BlackElo "1999"]
[Annotator "Koller,Martin"]
[PlyCount "118"]
[TimeControl "240+2"]

1. e4 c6 2. d4 d5 3. Nc3 g6 4. Nf3 Bg7 5. e5 Nh6 6. h3 O-O 7. Bf4 f6 8.
Qd2 Nf7 9. Be2 Na6 10. O-O Nc7 11. Rfe1 Ne6 12. Bg3 fxe5 13. Nxe5 Nxe5 14. Bxe5
Bxe5 15. dxe5 Ng7 16. Rad1 Qb6 17. Bg4 Bxg4 18. hxg4 Ne6 19. Na4 Qc7 20. b3 b5
21. Nb2 Nc5 22. Nd3 Nxd3 23. Qxd3 e6 24. c4 bxc4 25. bxc4 Rf4 26. cxd5 cxd5 27.
Qa6 Qb6 28. Qxb6 axb6 29. Re2 Rxg4 30. Rb1 Ra6 31. Rc2 Re4 32. Rc6 Rxe5 33.
Rcxb6 Re1+ 34. Rxe1 Rxb6 35. a4 Ra6 36. Ra1 Ra5 37. f4 Kf7 38. Kf2 Kf6 39. Kf3
h5 40. g4 hxg4+ 41. Kxg4 d4 42. Ra3 g5 43. fxg5+ Rxg5+ 44. Kf3 Ra5 45. Ke4 e5
46. Rf3+ Ke6 47. Rh3 Kd6 48. Rh6+ Kc5 49. Kxe5 Rxa4 50. Ke4 Ra3 51. Rh8 Re3+
52. Kf4 Kc4 53. Rc8+ Kd3 54. Rd8 Re1 55. Rd7 Kc3 56. Rc7+ Kd2 57. Kf3 d3 58.
Kf2 Re6 59. Kf3 Kd1 0-1

[Event "International chess holiday K21"]
[Site "Praha"]
[Date "2014.07.29"]
[Round "5"]
[White "Schoenmakers, Nico"]
[Black "Reichmann, Steffan"]
[Result "0-1"]
[ECO "A43"]
[WhiteElo "1885"]
[BlackElo "1966"]
[Annotator "Koller,Martin"]
[PlyCount "82"]
[TimeControl "240+2"]

1. e4 d6 2. f4 Nf6 3. Nc3 g6 4. d4 Bg7 5. Nf3 O-O 6. Be2 c5 7. d5 a6 8.
a4 Bg4 9. h3 Bxf3 10. Bxf3 Ne8 11. O-O Nd7 12. a5 b5 13. axb6 Qxb6 14. Qe2 Nc7
15. Kh1 e6 16. dxe6 fxe6 17. f5 exf5 18. exf5 Rae8 19. Qc4+ Kh8 20. Bf4 Rxf5
21. Bg4 Ne5 22. Bxe5 Rfxe5 23. Rf7 d5 24. Qa4 Qd6 25. Ne2 h5 26. Bf3 Rxe2 27.
Bxe2 Rxe2 28. Rd7 Qg3 29. Rg1 Re1 30. Rxg7 Rxg1+ 31. Kxg1 Qe1+ 32. Kh2 Qe5+ 33.
Kh1 Qxg7 34. Qc6 c4 35. c3 Kh7 36. Kg1 Qf7 37. Kh1 Ne8 38. Qxa6 Nf6 39. Qb6 Ne4
40. Kg1 Qe7 41. Qe3 Qc5 0-1

[Event "International chess holiday K21"]
[Site "Praha"]
[Date "2014.07.29"]
[Round "5"]
[White "Skopec, Lubos"]
[Black "Thomasson, Staffan"]
[Result "1-0"]
[ECO "B01"]
[WhiteElo "1959"]
[BlackElo "1882"]
[Annotator "Koller,Martin"]
[PlyCount "95"]
[TimeControl "240+2"]

1. e4 d5 2. exd5 Qxd5 3. Nc3 Qd6 4. Nf3 Nf6 5. d4 c6 6. Be2 Bf5 7. h3
Nbd7 8. O-O h6 9. Re1 O-O-O 10. Be3 g5 11. d5 Nxd5 12. Nxd5 Qxd5 13. Qxd5 cxd5
14. c4 Kb8 15. cxd5 Nf6 16. Bd4 Rg8 17. d6 Nd5 18. dxe7 Bxe7 19. Bc4 Bb4 20.
Be5+ Ka8 21. Rad1 Be6 22. Nd4 g4 23. Nxe6 fxe6 24. h4 Bd6 25. Bxd6 Rxd6 26. Rd4
g3 27. fxg3 Rxg3 28. Red1 a6 29. Bxd5 exd5 30. Rxd5 Rdg6 31. R1d2 Ka7 32. Kh2
R3g4 33. R5d4 Rg3 34. R4d3 R3g4 35. g3 a5 36. Kh3 b6 37. Rf2 Re4 38. Rdf3 Rge6
39. g4 a4 40. g5 hxg5 41. hxg5 Rg6 42. Rg2 Ree6 43. Kh4 Ka6 44. Rgf2 Re4+ 45.
Kh5 Rg8 46. Rf4 Rxf4 47. Rxf4 b5 48. g6 1-0

[Event "International chess holiday K21"]
[Site "Praha"]
[Date "2014.07.29"]
[Round "5"]
[White "Vesely, Jaromir"]
[Black "Andersson, Stefan"]
[Result "1-0"]
[ECO "D70"]
[WhiteElo "1949"]
[BlackElo "1902"]
[Annotator "Koller,Martin"]
[PlyCount "59"]
[TimeControl "240+2"]

1. d4 d5 2. c4 Nf6 3. cxd5 Nxd5 4. e4 Nb6 5. Nc3 g6 6. Be3 Bg7 7. h3
O-O 8. Nf3 N8d7 9. Be2 e5 10. O-O exd4 11. Bxd4 Nf6 12. Qc2 Be6 13. Bc5 Re8 14.
Rad1 Nfd7 15. Bd4 c6 16. Bxg7 Kxg7 17. b3 Qf6 18. Nd4 h5 19. f4 Nf8 20. e5 Qh4
21. f5 Bd5 22. e6 fxe6 23. f6+ Kf7 24. Qd2 Nh7 25. Qh6 Nxf6 26. Qh7+ Kf8 27.
Qxg6 Nbd7 28. Bxh5 Re7 29. Nxd5 cxd5 30. Nxe6+ 1-0

[Event "International chess holiday K21"]
[Site "Praha"]
[Date "2014.07.30"]
[Round "6"]
[White "Andersson, Stefan"]
[Black "Thomasson, Staffan"]
[Result "1-0"]
[ECO "D74"]
[WhiteElo "1902"]
[BlackElo "1882"]
[Annotator "Koller,Martin"]
[PlyCount "90"]
[TimeControl "240+2"]

1. d4 Nf6 2. c4 g6 3. Nf3 Bg7 4. g3 d5 5. cxd5 Nxd5 6. Bg2 O-O 7. O-O
c6 8. Nc3 Bg4 9. e4 Nb6 10. Be3 Nc4 11. Qb3 Nxe3 12. fxe3 Qb6 13. Qc2 Bh6 14.
Rae1 Nd7 15. Na4 Qa5 16. a3 Rac8 17. b4 Qc7 18. Qb3 b6 19. Nb2 c5 20. Rc1 Qb8
21. Rce1 cxb4 22. Qxb4 Rc2 23. Nc4 Qc7 24. Nfd2 b5 25. Qxb5 Nb6 26. Ne5 Bc8 27.
Qb4 Qc3 28. Qxc3 Rxc3 29. Rf3 f6 30. Nb1 Rc2 31. Nd3 Bg4 32. Rf2 Rxf2 33. Kxf2
Nc4 34. h3 Bc8 35. Nf4 e5 36. Nd5 Bb7 37. Nbc3 f5 38. exf5 Rxf5+ 39. Ke2 Rf7
40. Rb1 Ba6 41. Nb4 Bc8 42. Bd5 Nxe3 43. Bxf7+ Kxf7 44. dxe5 Bxh3 45. Rh1 Bg4+
1-0

[Event "International chess holiday K21"]
[Site "Praha"]
[Date "2014.07.30"]
[Round "6"]
[White "Lammers, Frank"]
[Black "Skopec, Lubos"]
[Result "1/2-1/2"]
[ECO "D02"]
[WhiteElo "1999"]
[BlackElo "1959"]
[Annotator "Koller,Martin"]
[PlyCount "124"]
[TimeControl "240+2"]

1. d4 d5 2. Bf4 Bf5 3. e3 e6 4. Nf3 Bd6 5. Bg3 Ne7 6. Nbd2 Nd7 7. Nh4
Nf6 8. Nxf5 Nxf5 9. Bxd6 Qxd6 10. c3 O-O 11. Bd3 Rfe8 12. O-O b6 13. Qc2 g6 14.
c4 Ng4 15. g3 Nfxe3 16. fxe3 Nxe3 17. Qc3 Nxf1 18. Rxf1 c5 19. Nf3 dxc4 20.
Bxc4 cxd4 21. Qxd4 Qxd4+ 22. Nxd4 Red8 23. Nf3 Kg7 24. b3 Rd6 25. Rf2 f6 26.
Nd2 Rf8 27. Kg2 e5 28. Ne4 Rd4 29. Nc3 Rfd8 30. a4 Rd2 31. h4 f5 32. Nb5 Rxf2+
33. Kxf2 Rd7 34. Ke3 Kf6 35. Nc3 h6 36. Nd5+ Kg7 37. Nc3 g5 38. hxg5 hxg5 39.
Be6 f4+ 40. gxf4 exf4+ 41. Ke4 Rd2 42. Kf5 Kh6 43. Bc4 Kh5 44. Ne4 Rg2 45. Bd5
Rg1 46. Nd2 Rc1 47. Bf7+ Kh4 48. Nf3+ Kg3 49. Nxg5 f3 50. Ne4+ Kg2 51. Nd2 Rc5+
52. Kf4 f2 53. Bc4 Rc8 54. Ke3 Re8+ 55. Kd4 Rf8 56. Kc3 Rd8 57. Nf1 Kf3 58.
Nd2+ Kg2 59. Nf1 Rc8 60. Ne3+ Kf3 61. Nf1 Rd8 62. Nd2+ Kg2 1/2-1/2

[Event "International chess holiday K21"]
[Site "Praha"]
[Date "2014.07.30"]
[Round "6"]
[White "Reichmann, Steffen"]
[Black "Klamp, Cristoph"]
[Result "0-1"]
[ECO "B20"]
[WhiteElo "1966"]
[BlackElo "2053"]
[Annotator "Koller,Martin"]
[PlyCount "56"]
[TimeControl "240+2"]

1. e4 c5 2. a3 Nc6 3. b4 cxb4 4. axb4 Nxb4 5. d4 d6 6. c3 Nc6 7. Nf3
Nf6 8. Bd3 g6 9. O-O Bg7 10. h3 O-O 11. Be3 b6 12. Na3 Bb7 13. Nd2 Nd7 14. f4
Na5 15. e5 dxe5 16. fxe5 Nxe5 17. Bc2 Nd7 18. Ne4 Nf6 19. Ng5 Bd5 20. Bd3 Rc8
21. Qe1 Qd7 22. Rf2 h6 23. Nf3 Bxf3 24. Rxf3 Nd5 25. Bd2 Nb3 26. Bb5 Qd6 27.
Ra2 Nxd2 28. Qxd2 Nxc3 0-1

[Event "International chess holiday K21"]
[Site "Praha"]
[Date "2014.07.30"]
[Round "6"]
[White "Vesely, Jaromir"]
[Black "Schoenmakers, Nico"]
[Result "1-0"]
[ECO "D45"]
[WhiteElo "1949"]
[BlackElo "1885"]
[Annotator "Koller,Martin"]
[PlyCount "89"]
[TimeControl "240+2"]

1. d4 d5 2. c4 e6 3. Nc3 c6 4. e3 Nf6 5. Nf3 Nbd7 6. cxd5 exd5 7. Bd3
Bd6 8. O-O O-O 9. Bd2 Re8 10. Ne2 Ne4 11. Ng3 Bxg3 12. hxg3 Ndf6 13. Ne5 Nxd2
14. Qxd2 Ne4 15. Qc2 f6 16. Nf3 Qe7 17. Bxe4 Qxe4 18. Qxe4 Rxe4 19. Rfc1 Bd7
20. Rc3 Rae8 21. b4 a6 22. a4 R4e6 23. Nd2 R6e7 24. Nb3 Rf7 25. Nc5 Bc8 26. b5
axb5 27. axb5 cxb5 28. Rb3 b6 29. Nd3 Bd7 30. Ra6 Rb8 31. Nb4 Bc8 32. Ra1 Be6
33. Rc1 Ra8 34. Rc6 Ra1+ 35. Kh2 Re7 36. Rxb6 Rf1 37. f3 Kf7 38. Rxb5 Rc7 39.
Nxd5 Bxd5 40. Rxd5 Rc2 41. Rd7+ Kg6 42. Rbb7 Rxf3 43. Rxg7+ Kf5 44. e4+ Ke6 45.
Rb6+ 1-0

[Event "International chess holiday K21"]
[Site "Praha"]
[Date "2014.07.30"]
[Round "6"]
[White "Wolf, Ulrich"]
[Black "Koubek, Vaclav"]
[Result "1-0"]
[ECO "A15"]
[WhiteElo "2071"]
[BlackElo "2033"]
[Annotator "Koller,Martin"]
[PlyCount "79"]
[TimeControl "240+2"]

1. Nf3 Nf6 2. c4 g6 3. b3 Bg7 4. Bb2 O-O 5. g3 d6 6. d3 b6 7. Bg2 Bb7
8. O-O Nbd7 9. Qc2 e5 10. e4 a5 11. a3 Nc5 12. Nbd2 Nfd7 13. d4 exd4 14. Bxd4
Ne6 15. Bxg7 Kxg7 16. Rad1 Qf6 17. Nb1 Ndc5 18. Nc3 Rfe8 19. Rfe1 Nf8 20. Nd4
Nfe6 21. Nxe6+ Qxe6 22. Nd5 Bxd5 23. cxd5 Qd7 24. Rc1 Re7 25. Re3 f5 26. Qc3+
Kg8 27. e5 Rxe5 28. Rxe5 dxe5 29. b4 axb4 30. axb4 Na4 31. Qxe5 Re8 32. Qxc7
Qxc7 33. Rxc7 Re1+ 34. Bf1 Rd1 35. Kg2 Kf8 36. Bb5 Nb2 37. Rd7 Nd3 38. d6 Nxb4
39. Rd8+ Kf7 40. d7 1-0

[Event "International chess holiday M21"]
[Site "Praha"]
[Date "2014.07.31"]
[Round "7"]
[White "Bilek, Roman"]
[Black "Barthel, Ansgar"]
[Result "0-1"]
[ECO "D07"]
[WhiteElo "1958"]
[BlackElo "2226"]
[Annotator "Koller,Martin"]
[PlyCount "79"]
[TimeControl "240+2"]

1. d4 d5 2. c4 Nc6 3. Nf3 Bg4 4. Nc3 e6 5. cxd5 exd5 6. Bf4 Bd6 7. Bxd6
Qxd6 8. e3 Nf6 9. Be2 O-O 10. O-O Ne4 11. Nxe4 dxe4 12. Nd2 Bxe2 13. Qxe2 f5
14. a3 Ne7 15. Rfc1 Nd5 16. Nc4 Qe6 17. g3 Rf6 18. Ne5 c6 19. b4 a6 20. Rc5
Raf8 21. a4 Nxb4 22. Rb1 b6 23. Rc3 c5 24. a5 cxd4 25. exd4 bxa5 26. Rc5 Rd8
27. Rxa5 Rxd4 28. Qb2 Qd6 29. Qb3+ Kf8 30. Ra4 Qxe5 31. Rxb4 Rxb4 32. Qxb4+ Qd6
33. Qb7 Kg8 34. Qc8+ Rf8 35. Qc4+ Kh8 36. Rb7 Qd1+ 37. Kg2 Qf3+ 38. Kh3 Qxf2
39. Qf7 Qf1+ 40. Kh4 0-1

[Event "International chess holiday M21"]
[Site "Praha"]
[Date "2014.07.31"]
[Round "7"]
[White "Dalling, Peter"]
[Black "Gregor, Jiri"]
[Result "0-1"]
[ECO "B12"]
[WhiteElo "1907"]
[BlackElo "2307"]
[Annotator "Koller,Martin"]
[PlyCount "90"]
[TimeControl "240+2"]

1. e4 c6 2. d4 d5 3. e5 Bf5 4. Bd3 Bxd3 5. Qxd3 e6 6. c3 Qc7 7. Nf3 a6
8. O-O c5 9. dxc5 Bxc5 10. Be3 Nd7 11. Nbd2 Rc8 12. Rfe1 Ne7 13. Nb3 Bxe3 14.
Qxe3 h6 15. Nbd4 Nc5 16. Nd2 b5 17. f4 g6 18. Rac1 Na4 19. Rc2 Nf5 20. Nxf5
gxf5 21. Nf3 O-O 22. Nd4 Kh7 23. Qh3 Rg8 24. Rec1 Rg4 25. Qf3 Rcg8 26. Kh1 Nc5
27. b3 Ne4 28. Qe3 Qc5 29. Rf1 Rc8 30. Rfc1 Rcg8 31. Rf1 Rh4 32. Rf3 Rhg4 33.
Rh3 a5 34. Rf3 Rb8 35. Rf1 Qb6 36. Rf3 b4 37. c4 dxc4 38. Rxc4 Nc3 39. Rc6 Qd8
40. Rd6 Qg8 41. Rh3 Qg6 42. Nxe6 fxe6 43. Qa7+ Qg7 44. Rd7 Rd8 45. Rxg7+ Rxg7
0-1

[Event "International chess holiday M21"]
[Site "Praha"]
[Date "2014.07.31"]
[Round "7"]
[White "Hanl, Frantisek"]
[Black "Koubek, Vaclav"]
[Result "1-0"]
[ECO "C25"]
[WhiteElo "1958"]
[BlackElo "2057"]
[Annotator "Koller,Martin"]
[PlyCount "65"]
[TimeControl "240+2"]

1. e4 e5 2. Nc3 Nc6 3. Bc4 Bc5 4. Qg4 Qf6 5. Nd5 Qxf2+ 6. Kd1 Kf8 7.
Nh3 Qd4 8. d3 Nf6 9. Nxf6 gxf6 10. Bh6+ Ke8 11. Bxf7+ Kd8 12. Qf3 Be7 13. c3
Qd6 14. Bg7 Rf8 15. Bxf8 Bxf8 16. Kc2 b6 17. Rad1 a5 18. Rhf1 Be7 19. Nf2 b5
20. Ng4 b4 21. Nxf6 bxc3 22. bxc3 Qa3 23. Qg3 d5 24. Qg8+ Bf8 25. Bxd5 Rb8 26.
Rb1 Nd4+ 27. cxd4 exd4 28. Bb3 a4 29. Qd5+ Bd6 30. Nxh7 axb3+ 31. axb3 Bd7 32.
Ra1 Qb4 33. Qc4 1-0

[Event "International chess holiday M21"]
[Site "Praha"]
[Date "2014.07.31"]
[Round "7"]
[White "Scherer, Frank"]
[Black "Michalek, Frantisek"]
[Result "1/2-1/2"]
[ECO "C45"]
[WhiteElo "2063"]
[BlackElo "2058"]
[Annotator "Koller,Martin"]
[PlyCount "42"]
[TimeControl "240+2"]

1. e4 e5 2. Nf3 Nc6 3. d4 exd4 4. Nxd4 Nxd4 5. Qxd4 Ne7 6. Bg5 h6 7.
Bd2 Nc6 8. Qe3 Be7 9. Nc3 Bf6 10. O-O-O d6 11. Nd5 Bd4 12. Qg3 Be6 13. f4 Bxd5
14. exd5 Ne7 15. Bc3 Bxc3 16. Qxc3 O-O 17. Qd2 Qd7 18. Be2 Rfd8 19. g4 c6 20.
Bf3 Nxd5 21. Bxd5 cxd5 1/2-1/2

[Event "International chess holiday K21"]
[Site "Praha"]
[Date "2014.07.31"]
[Round "7"]
[White "Klamp, Cristoph"]
[Black "Vesely, Jaromir"]
[Result "1/2-1/2"]
[ECO "D11"]
[WhiteElo "2053"]
[BlackElo "1949"]
[Annotator "Koller,Martin"]
[PlyCount "54"]
[TimeControl "240+2"]

1. Nf3 Nf6 2. c4 c6 3. d4 d5 4. Qc2 g6 5. Bf4 Bg7 6. e3 Bf5 7. Qb3 Qb6
8. c5 Qxb3 9. axb3 Nbd7 10. b4 Bxb1 11. Rxb1 a6 12. h3 Ne4 13. Bd3 O-O 14. Ra1
Rfe8 15. Ke2 e5 16. dxe5 Nxe5 17. Bxe4 dxe4 18. Nxe5 Bxe5 19. Bxe5 Rxe5 20.
Rhd1 Kf8 21. Rd7 Re7 22. Rd6 f5 23. h4 Rae8 24. Rad1 Re6 25. Rd7 R6e7 26. R7d6
Re6 27. Rd7 R6e7 1/2-1/2

[Event "International chess holiday K21"]
[Site "Praha"]
[Date "2014.07.31"]
[Round "7"]
[White "Koubek, Vaclav"]
[Black "Reichmann, Steffen"]
[Result "0-1"]
[ECO "B08"]
[WhiteElo "2033"]
[BlackElo "1966"]
[Annotator "Koller,Martin"]
[PlyCount "63"]
[TimeControl "240+2"]

1. e4 d6 2. Nc3 Nf6 3. Nf3 g6 4. d4 Bg7 5. Be3 O-O 6. Qd2 c6 7. Bh6 b5
8. a3 Qc7 9. h4 Bg4 10. Be2 e5 11. d5 a6 12. dxc6 Nxc6 13. O-O-O Bxf3 14. gxf3
Nd4 15. h5 Rfc8 16. Bxg7 Kxg7 17. hxg6 fxg6 18. Rdg1 Kg8 19. Bd1 a5 20. f4 Nxe4
21. Qe3 Nxc3 22. bxc3 Qxc3 23. Qxc3 Rxc3 24. fxe5 dxe5 25. Rg5 Re8 26. Kb2 Rc7
27. c3 Nc6 28. Re1 Kg7 29. a4 Kf6 30. Rg4 b4 31. cxb4 Nxb4 32. Rge4 0-1

[Event "International chess holiday K21"]
[Site "Praha"]
[Date "2014.07.31"]
[Round "7"]
[White "Schoenmakers, Nico"]
[Black "Andersson, Stefan"]
[Result "0-1"]
[ECO "C62"]
[WhiteElo "1885"]
[BlackElo "1902"]
[Annotator "Koller,Martin"]
[PlyCount "93"]
[TimeControl "240+2"]

1. e4 e5 2. Nf3 Nc6 3. Bb5 d6 4. d4 exd4 5. Nxd4 Bd7 6. Bxc6 Bxc6 7.
Nxc6 bxc6 8. Nc3 g6 9. b3 Bg7 10. Bb2 Ne7 11. Na4 Bxb2 12. Nxb2 O-O 13. c4 c5
14. O-O f5 15. exf5 Rxf5 16. Rc1 Qd7 17. Rc3 Raf8 18. Rh3 Nc6 19. Qd2 Nd4 20.
Nd1 Rf4 21. Rg3 Rg4 22. Rxg4 Qxg4 23. Qd3 Re8 24. Ne3 Qh5 25. Nd5 Qg5 26. Nxc7
Re2 27. Nb5 Rd2 28. Qe4 Ne2+ 29. Kh1 Nf4 30. g3 Nd3 31. Kg1 Ne5 32. Kg2 Qf6 33.
Qa8+ Kg7 34. Qb7+ Kh6 35. Qe4 Rxa2 36. Nc3 Rb2 37. Nd5 Qg5 38. h4 Qg4 39. Nf4
Rxb3 40. Qa8 Qf5 41. Qd8 Rb2 42. Qxd6 Ng4 43. Kg1 a5 44. h5 a4 45. hxg6 hxg6
46. Qc6 a3 neèitelné 0-1

[Event "International chess holiday K21"]
[Site "Praha"]
[Date "2014.07.31"]
[Round "7"]
[White "Skopec, Lubos"]
[Black "Wolf, Ulrich"]
[Result "1/2-1/2"]
[ECO "B23"]
[WhiteElo "1959"]
[BlackElo "2071"]
[Annotator "Koller,Martin"]
[PlyCount "43"]
[TimeControl "240+2"]

1. e4 c5 2. f4 d6 3. Nf3 e6 4. Bb5+ Bd7 5. Bxd7+ Qxd7 6. Nc3 Nc6 7. d3
g6 8. O-O Bg7 9. Ne2 Nge7 10. c3 d5 11. exd5 Qxd5 12. d4 O-O 13. Be3 Nf5 14.
Bf2 cxd4 15. Nexd4 Nfxd4 16. Nxd4 Nxd4 17. Bxd4 Bxd4+ 18. Qxd4 Qxd4+ 19. cxd4
Rfd8 20. Rfd1 Rd7 21. Rd2 Rad8 22. Rad1 1/2-1/2

[Event "International chess holiday K21"]
[Site "Praha"]
[Date "2014.07.31"]
[Round "7"]
[White "Thomasson, Staffan"]
[Black "Lammers, Frank"]
[Result "0-1"]
[ECO "D02"]
[WhiteElo "1882"]
[BlackElo "1999"]
[Annotator "Koller,Martin"]
[PlyCount "115"]
[TimeControl "240+2"]

1. d4 e6 2. Nf3 d5 3. Bg5 Ne7 4. e3 h6 5. Bh4 g5 6. Bg3 Nf5 7. Be5 f6
8. g4 Nd6 9. Bg3 Ne4 10. Bd3 Nxg3 11. Bg6+ Kd7 12. hxg3 c6 13. Qe2 Kc7 14. Nbd2
Nd7 15. c4 Bg7 16. cxd5 exd5 17. b4 a6 18. a4 Nb6 19. O-O Bxg4 20. Rfc1 Qe7 21.
Bd3 f5 22. a5 Nc8 23. b5 axb5 24. Bxb5 Nd6 25. a6 Rhb8 26. a7 Rc8 27. Bxc6 bxc6
28. Qa6 Kd7 29. Rab1 Bxf3 30. Nxf3 Rc7 31. Rb8 Raxa7 32. Qb6 Rab7 33. Rxb7 Nxb7
34. Ra1 Nd6 35. Ra8 Rb7 36. Qa5 Ke6 37. Rg8 Kf7 38. Qa8 Rb1+ 39. Kg2 Ne8 40.
Rxg7+ Kxg7 41. Ne5 Rc1 42. Qa2 Qb7 43. g4 fxg4 44. Qa3 Rb1 45. Qd3 Kf8 46. Qf5+
Ke7 47. Qh7+ Kd8 48. Qxh6 Rc1 49. Qf8 Qe7 50. Nf7+ Kd7 51. Ne5+ Ke6 52. Qg8+
Kd6 53. Qg6+ Kc7 54. Qd3 Rc4 55. Qb1 Nd6 56. Qa2 Nb5 57. Qa8 Qd8 58. Qa2 0-1